[Event "Team 45 45 League T63"]
[Site "Internet Chess Club"]
[Date "2014.12.06"]
[Round "2"]
[White "LittleButton"]
[Black "Greedy-Reedy"]
[Result "1-0"]
[WhiteElo "1905"]
[BlackElo "1879"]
[Opening "King's Indian: Torre attack"]
[ECO "A48"]
[Time "09:05:19"]
[TimeControl "2700+45"]

1. d4 Nf6 2. Nf3 g6 3. Bg5 Bg7 4. Nbd2 O-O 5. e3 d6 6. c3 Nbd7 7. Be2 b6 8. O-O
Bb7 9. Re1 e5 10. e4 h6 11. Bxf6 Nxf6 12. Bf1 exd4 13. cxd4 Re8 14. Qc2 Re7 15.
Rad1 Qe8 16. Bd3 Rc8 17. b4 Nh5 18. g3 Qd7 19. Kh1 g5 20. e5 g4 21. Bf5 Qe8 22.
Bxg4 dxe5 23. dxe5 Rd8 24. Bxh5 Rxe5 25. Kg1 Rxe1+ 26. Rxe1 Qd7 27. a3 c5 28.
bxc5 Qd5 29. Bg4 bxc5 30. Re7 Bf6 31. Rc7 h5 32. Bxh5 Qxh5 33. Rxb7 Qd5 34. Qe4
Qa2 35. Qc4 Qa1+ 36. Kg2 Rf8 37. Rxa7 Bc3 38. Qg4+ Kh8 39. Ne4 Bd4 40. Qh5+ Kg7
41. Nfg5 {Black resigns} 1-0

[Event "Team 45 45 League T63"]
[Site "Internet Chess Club"]
[Date "2014.12.07"]
[Round "2"]
[White "PuzzleMaster"]
[Black "fishhead"]
[Result "1-0"]
[WhiteElo "1893"]
[BlackElo "1822"]
[Opening "Nimzo-Indian: classical variation"]
[ECO "E32"]
[Time "12:08:08"]
[TimeControl "2700+45"]

1. d4 Nf6 2. c4 e6 3. Nc3 Bb4 4. Qc2 b6 5. a3 Bxc3+ 6. Qxc3 Ne4 7. Qc2 Bb7 8. e3
f5 9. Nf3 d6 10. Bd3 Nd7 11. b4 O-O 12. Bb2 Ndf6 13. O-O Qe7 14. Nd2 Nxd2 15.
Qxd2 Be4 16. Be2 Rad8 17. a4 c5 18. f3 Ba8 19. a5 Rd7 20. axb6 axb6 21. Ra6 Qd8
22. Rfa1 Bb7 23. Ra7 Qb8 24. Qc3 cxb4 25. Qxb4 Bc6 26. R7a6 Rb7 27. Ba3 Rd8 28.
Rb1 Ne8 29. Rxb6 Rxb6 30. Qxb6 Qa8 31. Qb3 Qa7 32. c5 Bd5 33. Qb6 Qd7 34. Bb5
Qc7 35. Bxe8 Qxb6 36. cxb6 Rxe8 37. Bxd6 Bb7 38. Rc1 Rc8 39. Bc7 Kf7 40. Kf2 Ke7
41. h4 Ra8 42. Be5 Rc8 43. Rxc8 Bxc8 44. Bxg7 Kd6 45. Be5+ Kc6 46. Bc7 Kd5 47.
Kg3 Bb7 48. Kf4 Bc8 49. Bd8 Bb7 50. Bc7 Bc8 51. g4 fxg4 52. fxg4 Bb7 53. g5
{Black resigns} 1-0

[Event "Team 45 45 League T63"]
[Site "Internet Chess Club"]
[Date "2014.12.03"]
[Round "2"]
[White "justice02"]
[Black "smyslovVchess"]
[Result "1-0"]
[WhiteElo "1776"]
[BlackElo "1650"]
[Opening "Dutch defense"]
[ECO "A84"]
[Time "20:30:08"]
[TimeControl "2700+45"]

1. c4 f5 2. d4 Nf6 3. Bg5 e6 4. Nc3 Be7 5. e3 O-O 6. Bd3 d6 7. Nge2 c6 8. b4 d5
9. c5 Qe8 10. Nf4 h6 11. Bxf6 Bxf6 12. O-O g5 13. Nh5 Bh8 14. Rc1 Nd7 15. f4 g4
16. Ng3 Nf6 17. b5 Bd7 18. Rb1 h5 19. bxc6 Bxc6 20. Nb5 Qd7 21. Qb3 h4 22. Ne2
Ne4 23. Bxe4 fxe4 24. Nd6 Rab8 25. Nc3 a6 26. Qd1 Qg7 27. f5 e5 28. f6 Rxf6 29.
Rxf6 Qxf6 30. Qxg4+ Bg7 31. Rf1 Qh6 32. Nf5 Qf6 33. Nxh4 Qe7 34. Nf5 Qf6 35.
Nxg7 Qxg7 36. Qe6+ Kh8 37. Rf7 {Black resigns} 1-0

[Event "Team 45 45 League T63"]
[Site "Internet Chess Club"]
[Date "2014.12.07"]
[Round "2"]
[White "Intemperate"]
[Black "DouDou"]
[Result "1-0"]
[WhiteElo "1850"]
[BlackElo "1731"]
[Opening "Grünfeld: modern exchange variation"]
[ECO "D90"]
[Time "12:13:53"]
[TimeControl "2700+45"]

1. Nf3 Nf6 2. c4 g6 3. d4 Bg7 4. Nc3 d5 5. cxd5 Nxd5 6. e4 Nxc3 7. bxc3 c5 8.
Be3 Qa5 9. Bd2 O-O 10. Be2 Nc6 11. O-O Rd8 12. d5 Ne5 13. Nxe5 Bxe5 14. Qb3 Qc7
15. f4 Bg7 16. e5 Bf5 17. c4 Rab8 18. a4 b6 19. g4 Bc8 20. Bc3 f6 21. Qb2 f5 22.
e6 Bxc3 23. Qxc3 Rf8 24. Qe5 Qxe5 25. fxe5 Ba6 26. gxf5 Rxf5 27. Rxf5 gxf5 28.
Rf1 Rf8 29. Rf4 Bc8 30. Bd3 Kg7 31. Rxf5 Rxf5 32. Bxf5 h5 33. d6 {Black resigns}
1-0

[Event "Team 45 45 League T63"]
[Site "Internet Chess Club"]
[Date "2014.12.07"]
[Round "2"]
[White "LiangLiang"]
[Black "MrShaw"]
[Result "1-0"]
[WhiteElo "1840"]
[BlackElo "1861"]
[Opening "French: Tarrasch, closed variation, main line"]
[ECO "C06"]
[Time "12:07:30"]
[TimeControl "2700+45"]

1. e4 e6 2. d4 d5 3. Nd2 Nf6 4. e5 Nfd7 5. Bd3 c5 6. c3 Nc6 7. Ne2 cxd4 8. cxd4
f6 9. Nf4 Nxd4 10. Qh5+ Ke7 11. exf6+ Nxf6 12. Ng6+ hxg6 13. Qxh8 Kf7 14. O-O e5
15. Nb3 Nf5 16. Bxf5 gxf5 17. Bg5 Qb6 18. Bxf6 Qxf6 19. Rac1 Bd6 20. Rxc8 {Black
resigns} 1-0

[Event "Team 45 45 League T63"]
[Site "Internet Chess Club"]
[Date "2014.12.07"]
[Round "2"]
[White "Philly-Boy"]
[Black "hood"]
[Result "0-1"]
[WhiteElo "1788"]
[BlackElo "1995"]
[Opening "Grünfeld: Russian variation"]
[ECO "D81"]
[Time "21:01:37"]
[TimeControl "2700+45"]

1. d4 Nf6 2. c4 g6 3. Nc3 d5 4. Qb3 dxc4 5. Qxc4 Bg7 6. Bf4 c6 7. e3 O-O 8. Nf3
Nbd7 9. Be2 Nb6 10. Qb3 Nfd5 11. Bg3 Nxc3 12. bxc3 Be6 13. c4 c5 14. Rd1 Qc8 15.
d5 Bd7 16. Rc1 e6 17. e4 Re8 18. e5 exd5 19. cxd5 Bg4 20. O-O Bxf3 21. Bxf3 Bxe5
22. Bxe5 Rxe5 23. Qc3 Nd7 24. a4 Qc7 25. Rfd1 Qd6 26. Rb1 b6 27. a5 Nf6 28. axb6
axb6 29. Rxb6 Qxb6 30. Qxe5 Re8 31. Qf4 Qa5 32. g4 Re1+ 33. Rxe1 Qxe1+ 34. Kg2
Qe7 35. h4 Nd7 36. Qc7 Kg7 37. g5 Kf8 38. Kf1 Ne5 39. d6 Qd7 40. Bg2 Qb5+ 41.
Kg1 Qb1+ 42. Kh2 Qf5 43. Qe7+ Kg7 44. Kg1 c4 45. Qa7 c3 46. Qe3 c2 47. Qc3 Kg8
48. f4 Qd3 49. Qc8+ Kg7 50. fxe5 Qd1+ 51. Kh2 c1=Q 52. Qxc1 Qxc1 53. d7 Qc7 54.
Bh3 Qxe5+ 55. Kg2 Qd6 56. Kf3 Kf8 {White resigns} 0-1

[Event "Team 45 45 League T63"]
[Site "Internet Chess Club"]
[Date "2014.12.06"]
[Round "2"]
[White "f5"]
[Black "infiniteshug"]
[Result "0-1"]
[WhiteElo "2124"]
[BlackElo "2208"]
[Opening "King's Indian: Four pawns attack, dynamic line"]
[ECO "E76"]
[Time "17:01:45"]
[TimeControl "2700+45"]

1. d4 Nf6 2. c4 g6 3. Nc3 Bg7 4. e4 d6 5. f4 O-O 6. Nf3 c5 7. d5 e6 8. Bd3 exd5
9. cxd5 Re8 10. O-O c4 11. Bc2 b5 12. Re1 b4 13. Na4 Bb7 14. Bd2 Na6 15. Re2 Qe7
16. Be3 Nxe4 17. Bd4 f5 18. Ng5 Bxd4+ 19. Qxd4 Qg7 20. Qxg7+ Kxg7 21. Nxe4 fxe4
22. Bxe4 Rac8 23. Kf2 Nc7 24. Rd1 Ba6 25. Ree1 Kf7 26. Rc1 Bb5 27. b3 Na6 28.
Nb2 cxb3 29. Rxc8 Rxc8 30. axb3 Rc3 31. Nc4 Bxc4 32. bxc4 Nc5 33. Bb1 a5 {White
resigns} 0-1

[Event "Team 45 45 League T63"]
[Site "Internet Chess Club"]
[Date "2014.12.08"]
[Round "2"]
[White "junard"]
[Black "primerpaso"]
[Result "1/2-1/2"]
[WhiteElo "2011"]
[BlackElo "1923"]
[Opening "Trompowsky attack (Ruth, Opocenský opening)"]
[ECO "A45"]
[Time "07:15:28"]
[TimeControl "2700+45"]

1. d4 Nf6 2. Bg5 d5 3. Nd2 e6 4. e3 Be7 5. Ngf3 O-O 6. Bd3 b6 7. O-O Ba6 8. c4
c5 9. Qe2 cxd4 10. Nxd4 Bb7 11. Rfd1 Nbd7 12. Rac1 dxc4 13. Nxc4 Nd5 14. Bxe7
Qxe7 15. a3 a6 16. b4 g6 17. Qb2 e5 18. Nb3 Rac8 19. Ncd2 N7f6 20. Nf1 Rxc1 21.
Rxc1 Rd8 22. Qe2 a5 23. bxa5 Qxa3 24. Bc4 b5 25. Ra1 Qb4 26. Bxd5 Bxd5 27. Nbd2
Qc3 28. Rb1 Qxa5 29. Qxb5 Qa8 30. f3 Qa7 31. Qb6 Qxb6 32. Rxb6 Kg7 33. Rb5 e4
34. Kf2 exf3 35. gxf3 Rc8 36. e4 Bc4 37. Nxc4 Rxc4 38. Ne3 Rd4 39. Ke2 Ra4 40.
Rb2 Ra5 41. Nc4 Rc5 42. Kd3 Rc7 43. Ne3 Rd7+ 44. Ke2 Ra7 {Game drawn by mutual
agreement} 1/2-1/2

[Event "Team 45 45 League T63"]
[Site "Internet Chess Club"]
[Date "2014.12.05"]
[Round "2"]
[White "santiagoelawad"]
[Black "BuddyT"]
[Result "1-0"]
[WhiteElo "1913"]
[BlackElo "1781"]
[Opening "English: Caro-Kann defensive system"]
[ECO "A12"]
[Time "15:00:38"]
[TimeControl "2700+45"]

1. c4 c6 2. Nf3 d5 3. b3 Bf5 4. Bb2 e6 5. g3 Nf6 6. Bg2 Nbd7 7. O-O h6 8. d3 Bc5
9. Nbd2 O-O 10. Qc2 Rc8 11. Rac1 Re8 12. Qb1 e5 13. cxd5 cxd5 14. Qa1 e4 15. Nd4
Bg6 16. dxe4 dxe4 17. e3 Ne5 18. Bh3 Nd3 19. b4 Nxb4 20. N4b3 Rc6 21. Bxf6 gxf6
22. Nxe4 Bxe4 23. Rxc5 Qe7 24. Rxc6 Nxc6 25. Nd4 Qe5 26. Bd7 Nxd4 27. exd4 Qh5
28. f3 Rd8 29. fxe4 Rxd7 30. Qc3 Kg7 31. d5 Qe5 32. Qf3 Rc7 33. Qg4+ Kf8 34. Qh4
Qg5 35. Rxf6 Rc1+ 36. Kg2 Rc2+ 37. Kh3 Qxh4+ 38. gxh4 Kg7 39. Rd6 Rxa2 40. Kg4
Rxh2 41. Rd7 Rb2 42. e5 Kf8 43. d6 a5 44. Kh5 Rb5 45. Kxh6 Rxe5 46. Rxb7 Re6+
47. Kg5 Rxd6 48. Ra7 Rg6+ 49. Kf5 Rh6 50. Kg5 Kg7 51. Rxa5 f6+ 52. Kg4 Rg6+ 53.
Kf5 Kh6 54. Ra8 Kh5 55. Ra1 Rg4 56. Ra8 Rg6 57. Ra4 Kh6 58. Rb4 Kh5 59. Rc4 Kh6
60. Rc8 Kh5 61. Rh8+ Rh6 62. Rg8 Kxh4 63. Rg1 Rh5+ 64. Kf4 Rg5 65. Rh1# {Black
checkmated} 1-0

[Event "Team 45 45 League T63"]
[Site "Internet Chess Club"]
[Date "2014.12.07"]
[Round "2"]
[White "chess09"]
[Black "frank001"]
[Result "1-0"]
[WhiteElo "1896"]
[BlackElo "1828"]
[Opening "QGD: Tarrasch defense"]
[ECO "D32"]
[Time "22:03:32"]
[TimeControl "2700+45"]

1. d4 d5 2. c4 e6 3. Nc3 c5 4. e3 Nf6 5. Nf3 a6 6. cxd5 exd5 7. g3 Nc6 8. Bg2
Bd6 9. O-O h6 10. b3 O-O 11. Bb2 Re8 12. Rc1 b6 13. dxc5 bxc5 14. Nxd5 Nxd5 15.
Qxd5 Qc7 16. Nd4 {Black resigns} 1-0

[Event "Team 45 45 League T63"]
[Site "Internet Chess Club"]
[Date "2014.12.07"]
[Round "2"]
[White "Jack-ONeill"]
[Black "Monterrey"]
[Result "0-1"]
[WhiteElo "2056"]
[BlackElo "2078"]
[Opening "French: Tarrasch, closed variation"]
[ECO "C05"]
[Time "13:04:43"]
[TimeControl "2700+45"]

1. e4 e6 2. d4 d5 3. Nd2 Nf6 4. Bd3 c5 5. Ngf3 c4 6. Be2 dxe4 7. Ng5 Qxd4 8.
Ndxe4 Qxd1+ 9. Kxd1 c3 10. Nxc3 h6 11. Nge4 Nxe4 12. Nxe4 Bd7 13. Bf4 Bc6 14.
Nd6+ Bxd6 15. Bxd6 Na6 16. Ke1 O-O-O 17. Ba3 Nc7 18. f3 Nd5 19. Bc5 b6 20. Bf2
Nf4 21. Bf1 e5 22. Rg1 Rhe8 23. g3 Kb8 24. Be2 Nh3 25. Rf1 e4 26. Rd1 Rxd1+ 27.
Kxd1 exf3 28. Bd3 g6 29. Kd2 Nxf2 30. Rxf2 f5 31. h4 Kc7 32. Bc4 Re4 33. Bf7 Rg4
34. h5 g5 35. Be6 Be4 36. Bxf5 Bxf5 37. Rxf3 Bd7 38. Ke3 Bc6 39. Rf7+ Bd7 40.
Kf3 Rc4 41. c3 g4+ 42. Ke3 Rc5 {White resigns} 0-1

[Event "Team 45 45 League T63"]
[Site "Internet Chess Club"]
[Date "2014.12.07"]
[Round "2"]
[White "CogitoErgoSum"]
[Black "Ptzz"]
[Result "1/2-1/2"]
[WhiteElo "1942"]
[BlackElo "2068"]
[Opening "Sicilian: accelerated fianchetto, Maróczy bind"]
[ECO "B36"]
[Time "10:00:29"]
[TimeControl "2700+45"]

1. e4 c5 2. Nf3 g6 3. c4 Nc6 4. d4 cxd4 5. Nxd4 Nf6 6. Nc3 d6 7. Nc2 Bg7 8. Be2
O-O 9. O-O Nd7 10. Be3 Bxc3 11. bxc3 Nc5 12. f3 Qa5 13. Qd2 Be6 14. Nd4 Rac8 15.
Nxe6 Nxe6 16. Rab1 Qc7 17. Qd5 b6 18. f4 Na5 19. Rb4 Qc6 20. Bd2 Nc5 21. Bf3
Qxd5 22. cxd5 Na6 23. Rd4 Rc4 24. Rxc4 Nxc4 25. Bc1 Nc5 26. Rd1 Rc8 27. Rd4 Na4
28. Be2 b5 29. Rd3 a6 30. Kf2 Ncb2 31. Re3 Nc4 32. Rd3 Nc5 33. Rd4 f5 34. exf5
gxf5 35. Bxc4 bxc4 36. Bd2 Kf7 37. Ke3 Nd3 38. Ke2 h5 39. h3 Nb2 40. Be1 Nd3 41.
Bd2 Nb2 42. Be1 Na4 43. Kf3 Rc5 44. g4 hxg4+ 45. hxg4 fxg4+ 46. Kxg4 Nb6 47. Bh4
Nxd5 48. Be1 Ne3+ 49. Kf3 Nf5 50. Re4 d5 51. Re5 e6 52. Re2 d4 53. Bf2 Rd5 54.
cxd4 Rxd4 55. Rc2 Rd3+ 56. Ke2 Nd4+ 57. Bxd4 Rxd4 58. Ke3 Rd3+ 59. Ke4 Ra3 60.
f5 exf5+ 61. Kxf5 c3 62. Ke5 Ke7 63. Kd4 Kd6 64. Kc4 a5 65. Rxc3 Rxa2 66. Kb3
{Game drawn by mutual agreement} 1/2-1/2

[Event "Team 45 45 League T63"]
[Site "Internet Chess Club"]
[Date "2014.12.11"]
[Round "2"]
[White "Holgate"]
[Black "beitmery"]
[Result "0-1"]
[WhiteElo "2026"]
[BlackElo "1711"]
[Opening "French: Tarrasch"]
[ECO "C03"]
[Time "14:12:44"]
[TimeControl "2700+45"]

1. e4 e6 2. d4 d5 3. Nd2 dxe4 4. Nxe4 b6 5. Qf3 c6 6. Be3 Nf6 7. Bd3 Be7 8.
O-O-O Bb7 9. Ne2 Nbd7 10. g4 Nd5 11. Bd2 Qc7 12. a3 c5 13. Kb1 c4 {White
resigns} 0-1

[Event "Team 45 45 League T63"]
[Site "Internet Chess Club"]
[Date "2014.12.07"]
[Round "2"]
[White "kabindra"]
[Black "Tobiasdelmonte"]
[Result "1/2-1/2"]
[WhiteElo "1727"]
[BlackElo "1836"]
[Opening "Alekhine's defense: exchange variation"]
[ECO "B02"]
[Time "11:00:34"]
[TimeControl "2700+45"]

1. e4 Nf6 2. e5 Nd5 3. c4 Nb6 4. d4 d6 5. exd6 exd6 6. Nc3 Be7 7. Bd3 Nc6 8.
Nge2 Nb4 9. Bb1 O-O 10. a3 Nc6 11. h3 g6 12. b3 Bf6 13. O-O a5 14. Bb2 Re8 15.
Qd2 a4 16. Nxa4 Nxc4 17. bxc4 Rxa4 18. Bd3 Bd7 19. Rab1 Qa8 20. Qf4 Bg7 21. Rfe1
Ra5 22. Ng3 Qa7 23. Rxe8+ Bxe8 24. c5 d5 25. Qxc7 Bxd4 26. Bxd4 Nxd4 27. Rxb7
Qxc5 28. Qd8 Qc6 29. Rb8 Rxa3 30. Qxe8+ Qxe8 31. Rxe8+ Kg7 32. Re3 Ne6 33. Bb5
Ra1+ 34. Kh2 Ra2 35. Re2 Ra5 36. Bd7 Nc5 37. Bc6 Ne6 38. Rd2 d4 39. Ne2 Rc5 40.
Bd7 d3 41. Rxd3 Rc2 42. Re3 Nc5 43. Bb5 Rb2 44. Bc4 f5 45. f3 Rc2 46. Rc3 Rb2
47. Nf4 Kf6 48. Nd3 Nxd3 49. Rxd3 Rc2 50. Bg8 Rc7 51. Rd6+ Kg7 52. Bd5 Rc5 53.
Rd7+ Kf6 54. f4 g5 55. fxg5+ Kxg5 56. Bf3 h6 57. Rd5 Rc4 58. g4 Rf4 59. Rxf5+
Rxf5 60. gxf5 Kxf5 61. Kg3 Kg6 62. Be4+ Kg7 63. Kg4 h5+ 64. Kxh5 Kh8 65. Kg6 Kg8
66. Bd5+ Kh8 67. Kf7 Kh7 68. Kf8 Kh8 69. h4 Kh7 70. h5 Kh8 71. Bf7 Kh7 72. Bg6+
Kh8 73. Ke7 Kg8 74. Kf6 Kh8 75. Kg5 Kg8 76. Kh6 Kh8 77. Be8 Kg8 78. Kg5 Kg7 79.
h6+ Kh7 80. Bg6+ Kh8 81. Kf6 Kg8 82. Bf5 Kh8 83. Ke7 Kg8 84. h7+ Kg7 85. Bc2 Kh8
86. Ke8 Kg7 87. Bb1 Kh8 88. Kf7 {Black stalemated} 1/2-1/2

[Event "Team 45 45 League T63"]
[Site "Internet Chess Club"]
[Date "2014.12.06"]
[Round "2"]
[White "MeWantCookie"]
[Black "Barrett-CCSCSL"]
[Result "1-0"]
[WhiteElo "2064"]
[BlackElo "2109"]
[Opening "Sicilian: Keres variation (2.Ne2)"]
[ECO "B20"]
[Time "13:13:15"]
[TimeControl "2700+45"]

1. e4 c5 2. Ne2 e6 3. g3 d5 4. Bg2 dxe4 5. Nbc3 Nf6 6. Nxe4 Nc6 7. O-O Be7 8. d3
O-O 9. Be3 Nxe4 10. Bxe4 Qc7 11. Nc3 a6 12. Bf4 Bd6 13. Bxd6 Qxd6 14. Bg2 Bd7
15. Ne4 Qe7 16. Qh5 h6 17. Qxc5 b6 18. Qxe7 {Black resigns} 1-0

[Event "Team 45 45 League T63"]
[Site "Internet Chess Club"]
[Date "2014.12.08"]
[Round "2"]
[White "CHENENE"]
[Black "f5"]
[Result "1/2-1/2"]
[WhiteElo "1950"]
[BlackElo "2116"]
[Opening "Sicilian: accelerated fianchetto, modern variation with Bc4"]
[ECO "B35"]
[Time "19:12:02"]
[TimeControl "2700+45"]

1. e4 c5 2. Nf3 Nc6 3. d4 cxd4 4. Nxd4 g6 5. Nc3 Bg7 6. Be3 Nf6 7. Bc4 O-O 8.
Bb3 a5 9. O-O a4 10. Nxa4 Nxe4 11. Nb5 Ra6 12. Qe2 Nf6 13. c4 d6 14. Rad1 Nd7
15. c5 Rxa4 16. Bxa4 Qa5 17. Bb3 Nxc5 18. Bd5 Ne6 19. Rfe1 Bd7 20. a3 Ne5 21.
Nc3 Bc6 22. h3 Nd7 23. Qc4 Ne5 24. Qb4 Qxb4 25. axb4 Nc7 26. Bg5 Re8 27. f4 Nxd5
28. Nxd5 Bxd5 29. Rxd5 Nc6 30. Rxd6 Bxb2 31. b5 Nd4 32. Rd5 e6 33. Rd7 b6 34.
Kf1 Bc3 35. Rb1 Nf5 36. Rd8 Rxd8 37. Bxd8 Ne3+ 38. Ke2 Nd5 39. Rc1 Ba5 40. g3
Kg7 41. Kf3 h5 42. Rc6 Kf8 43. Bh4 Kg7 44. g4 hxg4+ 45. hxg4 Nc3 46. Bf2 Nxb5
47. Bxb6 Bxb6 48. Rxb6 Nc3 49. g5 Nd5 50. Rb7 Kf8 51. Ke4 Kg7 52. Ke5 Kf8 53.
Rd7 Ne3 54. Ra7 Nd5 55. Rb7 Ne3 56. Rd7 Ke8 57. Rd3 Nd5 58. Ra3 Ke7 59. Ra7+ Kf8
60. Rb7 Kg7 61. Ke4 Kf8 62. Rd7 Ke8 63. Rxd5 exd5+ 64. Kxd5 Kd7 65. Ke5 Ke7 66.
f5 gxf5 67. Kxf5 Ke8 68. Kf6 Kf8 69. g6 fxg6 70. Kxg6 {Game drawn because
neither player has mating material} 1/2-1/2

[Event "Team 45 45 League T63"]
[Site "Internet Chess Club"]
[Date "2014.12.05"]
[Round "2"]
[White "dafou"]
[Black "PoisonPawn"]
[Result "1-0"]
[WhiteElo "2034"]
[BlackElo "2015"]
[Opening "Sicilian: Smith-Morra gambit"]
[ECO "B21"]
[Time "19:03:51"]
[TimeControl "2700+45"]

1. e4 c5 2. d4 cxd4 3. c3 dxc3 4. Nxc3 e6 5. Nf3 a6 6. Bc4 b5 7. Bb3 Bb7 8. Qe2
d6 9. O-O Nd7 10. Rd1 Ngf6 11. Ng5 b4 12. e5 dxe5 13. Nce4 Nd5 14. Qf3 Qe7 15.
Nd6+ Qxd6 16. Qxf7+ Kd8 17. Nxe6+ {Black resigns} 1-0

[Event "Team 45 45 League T63 u"]
[Site "Internet Chess Club"]
[Date "2014.12.07"]
[Round "2"]
[White "infiniteshug"]
[Black "gump12345"]
[Result "0-1"]
[WhiteElo "2208"]
[BlackElo "2019"]
[Opening "Giuoco Piano"]
[ECO "C54"]
[Time "12:13:51"]
[TimeControl "2700+45"]

1. e4 e5 2. Nf3 Nc6 3. Bc4 Bc5 4. c3 Nf6 5. d3 O-O 6. Bb3 d6 7. Bg5 h6 8. Bh4 a6
9. Nbd2 Ba7 10. Qe2 Be6 11. Bc2 g5 12. Nxg5 hxg5 13. Bxg5 Kg7 14. Qf3 Rh8 15. h4
Qe7 16. Nf1 Nb8 17. h5 Nbd7 18. h6+ Kh7 19. d4 Rhg8 20. Bh4 Rg6 21. d5 Bg4 22.
Qd3 Rag8 23. Ng3 Nf8 24. f3 Bd7 25. Nh5 Be8 26. Nxf6+ Rxf6 27. Bxf6 Qxf6 28. g4
Qf4 29. Rh3 Bb5 30. c4 Bd7 31. Ke2 Rxg4 32. fxg4 Qf2+ 33. Kd1 Bxg4+ 34. Kc1 Bxh3
35. Qxh3 Be3+ 36. Qxe3 Qxe3+ 37. Kd1 Qg1+ {White resigns} 0-1

[Event "Team 45 45 League T63"]
[Site "Internet Chess Club"]
[Date "2014.12.07"]
[Round "2"]
[White "xwang1"]
[Black "SlimeDog2"]
[Result "0-1"]
[WhiteElo "2062"]
[BlackElo "2044"]
[Opening "Petrov: Nimzovich attack"]
[ECO "C42"]
[Time "22:01:31"]
[TimeControl "2700+45"]

1. e4 e5 2. Nf3 Nf6 3. Nxe5 d6 4. Nf3 Nxe4 5. Nc3 Nxc3 6. dxc3 Be7 7. Be3 Nc6 8.
Qd2 Be6 9. Ng5 Bf5 10. O-O-O Qd7 11. Be2 Bf6 12. Kb1 a6 13. h4 Ne5 14. Bd4 h6
15. Nf3 O-O-O 16. Bxe5 dxe5 17. Qe3 Qa4 18. b3 Qa5 19. Nd2 e4 20. Nc4 Qxc3 21.
Qxc3 Bxc3 22. Ne3 Be6 23. Bc4 Bxc4 24. Nxc4 Rxd1+ 25. Rxd1 Rd8 26. Rf1 f5 27. g3
g5 28. hxg5 hxg5 29. Ne3 f4 30. gxf4 gxf4 31. Nd1 Bd2 32. Rh1 e3 33. fxe3 fxe3
34. Rh2 Rf8 35. c4 Kd7 36. Kc2 Kc6 37. Re2 Re8 38. Nc3 Kc5 39. Nb1 Rd8 40. a3 a5
41. Nxd2 Rxd2+ 42. Rxd2 exd2 43. Kxd2 Kd4 44. Kc2 a4 45. Kb2 axb3 46. Kxb3 c5
{White resigns} 0-1

[Event "Team 45 45 League T63"]
[Site "Internet Chess Club"]
[Date "2014.12.05"]
[Round "2"]
[White "junard"]
[Black "charles-allen"]
[Result "0-1"]
[WhiteElo "2015"]
[BlackElo "1891"]
[Opening "Queen's pawn game"]
[ECO "D02"]
[Time "20:15:29"]
[TimeControl "2700+45"]

1. d4 d5 2. Nf3 e6 3. c4 c5 4. e3 Nf6 5. Nc3 Nc6 6. Be2 cxd4 7. exd4 dxc4 8.
Bxc4 Be7 9. a3 a6 10. O-O O-O 11. d5 exd5 12. Nxd5 Nxd5 13. Bxd5 Bg4 14. h3 Bh5
15. Qb3 Na5 16. Qa2 Bf6 17. Be3 Rc8 18. Rad1 Qc7 19. b4 Nc6 20. Rc1 Qd7 21. Rc5
Ne7 22. Be4 Rxc5 23. Bxc5 Bg6 24. Bxg6 hxg6 25. Re1 Rd8 26. Qb3 Nc6 27. Qe3 Qd3
28. Kh2 Qxe3 29. Rxe3 Kh7 30. g4 Rd7 31. Kg3 Bd8 32. Kg2 b6 33. Bf8 Kg8 34. Re8
f5 35. Re6 Nd4 36. Nxd4 Rxd4 37. Rd6 Rxd6 38. Bxd6 Kf7 39. Kf3 Ke6 40. Bf8 Bf6
41. Ke3 Be5 42. a4 Kf7 43. f4 Bc7 44. a5 Kxf8 {White resigns} 0-1

[Event "Team 45 45 League T63"]
[Site "Internet Chess Club"]
[Date "2014.12.06"]
[Round "2"]
[White "Happybear"]
[Black "Monterrey"]
[Result "0-1"]
[WhiteElo "1871"]
[BlackElo "2061"]
[Opening "French: Winawer, advance, poisoned pawn variation"]
[ECO "C18"]
[Time "19:00:30"]
[TimeControl "2700+45"]

1. e4 e6 2. d4 d5 3. Nc3 Bb4 4. e5 c5 5. a3 Bxc3+ 6. bxc3 Ne7 7. Qg4 O-O 8. Bg5
Nd7 9. Bd3 f5 10. exf6 Nxf6 11. Qh4 h6 12. Bxf6 Rxf6 13. Nf3 c4 14. Be2 Qa5 15.
Kd2 Nf5 16. Qf4 Bd7 17. Ng1 Qb6 18. Bf3 Nd6 19. Qe3 Raf8 20. Ne2 Ne4+ 21. Bxe4
dxe4 22. Rhf1 Bc6 23. Ng3 Rf4 24. f3 exf3 25. Qxe6+ Kh8 26. gxf3 Qa5 27. Rae1
Rxd4+ {White resigns} 0-1

[Event "Team 45 45 League T63"]
[Site "Internet Chess Club"]
[Date "2014.12.04"]
[Round "2"]
[White "flyingpawns"]
[Black "Bryant-L"]
[Result "1-0"]
[WhiteElo "1837"]
[BlackElo "1682"]
[Opening "King's Indian: orthodox, Aronin-Taimanov variation (Yugoslav attack / Mar del Plata variation)"]
[ECO "E97"]
[Time "17:08:07"]
[TimeControl "2700+45"]

1. d4 g6 2. c4 Bg7 3. Nc3 Nf6 4. Nf3 d6 5. e4 O-O 6. Be2 Nc6 7. O-O e5 8. Be3
Nd7 9. Qd2 f5 10. Bg5 Nf6 11. exf5 exd4 12. Nd5 Bxf5 13. Bd3 Ne5 14. Bxf5 gxf5
15. Qxd4 Nxd5 16. Qxd5+ Kh8 17. Bxd8 Raxd8 18. Nxe5 Bxe5 19. Rfe1 Rg8 20. g3 f4
21. Re2 Rg5 22. Rae1 Rdg8 23. Rxe5 dxe5 24. Rxe5 R5g6 25. Qd4 fxg3 26. fxg3 h6
{Black resigns} 1-0

[Event "Team 45 45 League T63"]
[Site "Internet Chess Club"]
[Date "2014.12.07"]
[Round "2"]
[White "Zugzwanged"]
[Black "hoard88"]
[Result "0-1"]
[WhiteElo "1706"]
[BlackElo "1556"]
[Opening "Caro-Kann: exchange, Rubinstein variation"]
[ECO "B13"]
[Time "16:00:30"]
[TimeControl "2700+45"]

1. e4 c6 2. d4 d5 3. exd5 cxd5 4. Bd3 Nc6 5. c3 Nf6 6. Bf4 Bg4 7. Qb3 Qd7 8. Nd2
e6 9. Ngf3 Be7 10. O-O O-O 11. Ne5 Nxe5 12. dxe5 Ne8 13. Qc2 f5 14. exf6 Nxf6
15. Be5 Bd6 16. Bxf6 Rxf6 17. Bxh7+ Kh8 18. Bd3 Qf7 19. Nb3 Bxh2+ 20. Kxh2 Rh6+
21. Kg1 Bf3 22. Rfc1 Qh5 {White resigns} 0-1

[Event "Team 45 45 League T63"]
[Site "Internet Chess Club"]
[Date "2014.12.08"]
[Round "2"]
[White "ToniMostarda"]
[Black "seattleblues"]
[Result "1-0"]
[WhiteElo "1689"]
[BlackElo "1415"]
[Opening "Caro-Kann: Tartakower (fantasy) variation"]
[ECO "B12"]
[Time "19:00:33"]
[TimeControl "2700+45"]

1. e4 c6 2. d4 d5 3. f3 dxe4 4. fxe4 e6 5. Nf3 Ne7 6. Bd3 Nd7 7. O-O Ng6 8. Kh1
Be7 9. Nc3 Qc7 10. Ne2 O-O 11. Qe1 e5 12. c3 exd4 13. cxd4 Nf6 14. e5 Nd5 15.
Bd2 Be6 16. Ng5 Bd7 17. Qg3 h6 18. Nxf7 Rxf7 19. Qxg6 Be6 20. Qh7+ Kf8 21. Qh8#
{Black checkmated} 1-0

[Event "Team 45 45 League T63"]
[Site "Internet Chess Club"]
[Date "2014.12.05"]
[Round "2"]
[White "DouDou"]
[Black "spongenotbob"]
[Result "0-1"]
[WhiteElo "1743"]
[BlackElo "1849"]
[Opening "Caro-Kann: classical, Spassky variation"]
[ECO "B19"]
[Time "22:00:59"]
[TimeControl "2700+45"]

1. e4 c6 2. d4 d5 3. Nc3 dxe4 4. Nxe4 Bf5 5. Ng3 Bg6 6. h4 h6 7. Nf3 Nd7 8. h5
Bh7 9. Bd3 Bxd3 10. Qxd3 e6 11. Bd2 Ngf6 12. O-O-O Qc7 13. Ne4 O-O-O 14. g3 Nxe4
15. Qxe4 Nf6 16. Qe2 Bd6 17. Ne5 c5 18. Nc4 cxd4 19. Nxd6+ Qxd6 20. Bf4 Qc6 21.
Qe5 d3 22. Qb8+ Kd7 23. Rxd3+ Ke7 24. Rxd8 Qxh1+ 25. Rd1 Qxd1+ 26. Kxd1 Rxb8 27.
Bxb8 a6 28. Be5 Nxh5 29. g4 Nf6 30. f3 Kd7 31. Kd2 Kc6 32. Kd3 Kd5 33. Bxf6 gxf6
34. f4 b5 35. c3 e5 36. f5 a5 37. b3 a4 38. Ke3 e4 39. Kd2 Ke5 40. Ke3 a3 41. c4
b4 42. c5 Kd5 43. Kf4 Kc6 44. Ke3 Kxc5 45. Kxe4 Kc6 46. Kd4 Kd6 47. Kc4 Ke5 48.
Kxb4 Kf4 49. Kxa3 Kxg4 50. b4 Kxf5 51. Kb3 h5 52. b5 Ke6 53. a4 h4 54. b6 Kd6
55. Kb4 h3 {White resigns} 0-1